 Dungeon Crawl Stone Soup version 0.20.1-1-g8b1a95d (webtiles) character file.

151 Cral the Cudgeler (level 5, -3/45 HPs)
             Began as a Draconian Monk on July 8, 2017.
             Slain by a gnoll
             ... wielding a +0 flail
              (12 damage)
             ... on level 3 of the Dungeon.
             The game lasted 00:01:41 (1944 turns).

Cral the Cudgeler (Draconian Monk)                  Turns: 1944, Time: 00:01:41

Health: -3/45      AC:  5    Str: 13    XL:     5   Next: 10%
Magic:  5/5        EV: 13    Int: 12    God:
Gold:   100        SH:  0    Dex: 13    Spells: 4/4 levels left

rFire    . . .     SeeInvis .   a - +0 mace
rCold    . . .     Gourm    .   (no shield)
rNeg     . . .     Faith    .   (armour unavailable)
rPois    .         Spirit   .   (helmet restricted)
rElec    .         Reflect  .   (no cloak)
rCorr    .         Harm     +   (no gloves)
MR       .....                  (no boots)
Stlth    ++........             j - amulet of harm
Regen    0.2/turn               q - ring of flight
MPRegen  0.1/turn               (no ring)

@: no status effects
A: unfitting armour, cold-blooded, AC +5
a: Evoke Flight


You were on level 3 of the Dungeon.
You were not hungry.

You visited 1 branch of the dungeon, and saw 3 of its levels.

You collected 100 gold pieces.

Inventory:

Hand Weapons
 a - a +0 mace (weapon)
Jewellery
 j - an amulet of harm (around neck)
 q - a ring of flight (left hand)
Scrolls
 c - 2 scrolls of fear {unknown}
 d - a scroll of enchant armour {unknown}
 e - 3 scrolls of fog {unknown}
 f - a scroll of immolation {unknown}
 g - a scroll of remove curse {unknown}
 h - a scroll of random uselessness {unknown}
 k - a scroll of identify {unknown}
 m - a scroll of blinking {unknown}
 r - 3 scrolls of enchant weapon {unknown}
 s - a scroll of teleportation {unknown}
Potions
 l - a potion of curing {unknown}
 n - 2 potions of mutation {unknown}
 p - a potion of lignification {unknown}
Comestibles
 b - 3 bread rations
 i - 2 fruits
 o - a royal jelly
 t - a meat ration


   Skills:
 - Level 3.2 Fighting
 + Level 5.8 Maces & Flails
 - Level 2.6 Dodging
 - Level 1.7 Stealth


You had 4 spell levels left.
You didn't know any spells.

Dungeon Overview and Level Annotations

Branches:
Dungeon (3/15)

Altars:
Ashenzari
Ru

Annotations:
D:3 Grinder


Innate Abilities, Weirdness & Mutations

Your plain brown scales are hard. (AC +5)
You cannot fit into any form of body armour.
You are cold-blooded and may be slowed by cold attacks.


Message History

The gnoll is almost dead.
You hit the gnoll.
The gnoll is almost dead.
The gnoll hits you with a spear. The gnoll barely misses you.
You hit the gnoll but do no damage.
The gnoll is almost dead.
The gnoll closely misses you. The gnoll misses you.
The gnoll hits you with a spear.
You hit the gnoll.
You kill the gnoll!
The gnoll hits you with a flail. The gnoll hits you but does no damage.
There are monsters nearby!
You are too injured to fight recklessly!
The hobgoblin hits you with a club. The gnoll hits you with a flail!
* * * LOW HITPOINT WARNING * * *
Found 23 stones.
There is an escape hatch in the ceiling here.
The gnoll hits you with a flail!
You die...

......# ##.# ......#
..#.##...(.... ......#
#...##........ ....5.#
##..##......... ....).#
#.............
......###...###......
.....5............#.# #
.?...####5........#.#.#
....# #...g.g.gg@.....##
..## #.#...............
..#####.#......†.....###
.................†...#
....###.........(..#.#
..#.).......[........#
...#.....#..............
##...##..#.............#
##...##.##..............


You could see Grinder, 3 gnolls and a hobgoblin.

Vanquished Creatures
  Jessica (D:2)
  2 gnolls
  5 adders
  An ooze (D:1)
  3 worms (D:2)
  3 dart slugs (D:2)
  A leopard gecko (D:1)
  An orc (D:3)
  8 bats
  2 giant cockroaches
  2 goblins (D:2)
  3 hobgoblins
  2 quokkas (D:3)
  6 frilled lizards
  5 kobolds
  7 rats
52 creatures vanquished.

Notes
Turn   | Place    | Note
-------+----------+-------------------------------------------
     0 | D:1      | Cral the Draconian Monk began the quest for the Orb.
     0 | D:1      | Reached XP level 1. HP: 19/19 MP: 1/1
    86 | D:1      | Reached XP level 2. HP: 26/26 MP: 2/2
   705 | D:1      | Reached skill level 4 in Maces & Flails
   705 | D:1      | Reached XP level 3. HP: 19/31 MP: 3/3
   899 | D:2      | Noticed Jessica
   920 | D:2      | Found a shattered altar of Ashenzari.
   924 | D:2      | Killed Jessica
   924 | D:2      | Reached skill level 5 in Maces & Flails
   924 | D:2      | Reached XP level 4. HP: 22/38 MP: 4/4
  1023 | D:2      | Found a sacrificial altar of Ru.
  1897 | D:3      | Reached XP level 5. HP: 40/45 MP: 5/5
  1926 | D:3      | Noticed Grinder
  1944 | D:3      | Slain by a gnoll

Skill      XL: |  1  2  3 |
---------------+----------+-----
Maces & Flails | 4 5 |  5.8
Fighting       | |  3.2
Dodging        | |  2.6
Stealth        | |  1.7

Action                   |  1- 3 |  4- 6 || total
-------------------------+-------+-------++-------
Melee: Mace              |    78 |    77 ||   155
       Tailslap          |     6 |     5 ||    11
 Stab: Sleeping          |     6 |     4 ||    10
  Eat: Chunk             |       |     3 ||     3
Armor: Skin              |    17 |    13 ||    30
Dodge: Dodged            |    74 |    53 ||   127
